 Dungeon Crawl Stone Soup version 0.27.1 (console) character file.

Game seed: 16932020612337855386

323188 Banquo the Peltast (level 22, -3/180 HPs)
             Began as a Djinni Necromancer on Aug 24, 2021.
             Was an Elder of Ashenzari.
             Killed from afar by a war gargoyle (41 damage)
             ... with a spray of metal splinters
             ... led by a peacekeeper
             ... on level 3 of the Vaults on Aug 27, 2021.
             The game lasted 08:14:09 (62029 turns).

Banquo the Peltast (Djinni Necromancer)            Turns: 62029, Time: 08:14:09

Health: -3/180     AC: 15    Str:  7    XL:     22   Next: 53%
Gold:   5816       EV: 19    Int: 26    God:    Ashenzari [****..] SH: 23 Dex: 17

rFire    + + .     SeeInvis +   a - +12 flail of Absolution {vorpal, rC+}
rCold    + + .     Faith    .   i - +1 tower shield of Ashenzari's Scepticism {reflect, Melee, Self} (curse)
rNeg     . . .     Spirit   +   d - +0 troll leather armour of Ashenzari's Sun {Regen+, Cun, Self} (curse)
rPois    ∞         Reflect  +   h - +1 helmet of Ashenzari's Dismay {Fort, Self} (curse)
rElec    .         Harm     .   e - +0 cloak of the Bound Comet {Self, Fort} (curse)
rCorr    +         Rampage  +   g - +0 pair of gloves of the Mantic Altruism {Fort, Cun} (curse)
Will     +++..     Clarity  +   (boots unavailable)
Stlth    +++.......             C - amulet of the Salamander {Spirit Rampage rPois rC++ Regen+}
HPRegen  2.40/turn              N - ring of Dawkovim {Will+ rCorr Dex+2}
MPRegen  0.00/turn              s - ring of Ashenzari's Omen {AC+4, Melee, Self} (curse)

@: death channeling, flying, studying 3 skills
A: sickness immunity, fire resistance 2, cold vulnerability 1, float, innate
caster, hp casting, extra vitality 1, subdued magic 1
}: 2/15 runes: serpentine, barnacled
a: Renounce Religion, Shatter the Chains


You were on level 3 of the Vaults.
You worshipped Ashenzari.
Ashenzari was greatly pleased with you.
You visited 7 branches of the dungeon, and saw 37 of its levels.
You also visited: Trove, Bailey and Ice Cave.

You collected 6088 gold pieces.
You spent 272 gold pieces at shops.

Inventory:

Hand Weapons
 a - the +12 flail of Absolution (weapon) {vorpal, rC+}
   (You took it off a deep elf death mage on level 3 of the Elven Halls)

   It inflicts extra damage upon your enemies.
   rC:        It protects you from cold.
 c - the +10 morningstar "Eos" {elec, Halo rElec}
   (You took it off a deep elf death mage on level 3 of the Elven Halls)

   It occasionally discharges a powerful burst of electricity upon striking a
   foe.
   It grants its wielder a halo, increasing accuracy against those within it.
   rElec:     It insulates you from electricity.
 o - a +3 long sword of holy wrath
 M - a +4 morningstar of protection
Missiles
 k - 80 boomerangs
 u - 4 throwing nets
 V - 6 boomerangs of dispersal
Armour
 d - the cursed +0 troll leather armour of Ashenzari's Sun (worn) {Regen+, Cun, Self}
   (You found it on level 10 of the Dungeon)

   Regen:     It increases your rate of health regeneration.
   It has a curse which improves the following skills: Cunning: Dodging and
   Stealth.
   Introspection: Fighting and Spellcasting.
 e - the cursed +0 cloak of the Bound Comet (worn) {Self, Fort}
   (You took it off Maurice on level 12 of the Dungeon)

   It has a curse which improves the following skills: Introspection: Fighting
   and Spellcasting.
   Fortitude: Armour and Shields.
 g - the cursed +0 pair of gloves of the Mantic Altruism (worn) {Fort, Cun}
   (You bought it in a shop on level 2 of the Orcish Mines)

   It has a curse which improves the following skills: Fortitude: Armour and
   Shields.
   Cunning:   Dodging and Stealth.
 h - the cursed +1 helmet of Ashenzari's Dismay (worn) {Fort, Self}
   (You found it on level 9 of the Dungeon)

   It has a curse which improves the following skills: Fortitude: Armour and
   Shields.
   Introspection: Fighting and Spellcasting.
 i - the cursed +1 tower shield of Ashenzari's Scepticism (worn) {reflect, Melee, Self}
   (You took it off a naga warrior on level 4 of the Snake Pit)

   It has a curse which improves the following skills: Melee Combat: Short
   Blades, Long Blades, Axes, Maces & Flails, Polearms, Staves and Unarmed
   Combat.
   Introspection: Fighting and Spellcasting.
 E - a +0 troll leather armour
 O - a +4 chain mail of cold resistance
 W - the +4 skin of Zhor {*Englaciate rC+++ SInv}
   (You took it off a deep elf zephyrmancer on level 3 of the Elven Halls)

   It radiates cold, occasionally slowing all nearby creatures who are not
   resistant to cold.
   rC:        It renders you almost immune to cold.
   SInv:      It lets you see invisible.
Magical Staves
 b - a staff of air
Jewellery
 f - a ring of wizardry
 s - the cursed ring of Ashenzari's Omen (right hand) {AC+4, Melee, Self}
   (You took it off a goblin on level 2 of the Dungeon)

   [ring of protection]

   AC:        It affects your AC (+4).
   It has a curse which improves the following skills: Melee Combat: Short
   Blades, Long Blades, Axes, Maces & Flails, Polearms, Staves and Unarmed
   Combat.
   Introspection: Fighting and Spellcasting.
 w - the amulet of Vismaos {rPois rF+ Will++ Regen+ Str-4}
   (You found it in a treasure trove)

   [amulet of regeneration]

   Str:       It affects your strength (-4).
   rF:        It protects you from fire.
   rPois:     It protects you from poison.
   Regen:     It increases your rate of health regeneration.
   Will:      It greatly increases your willpower.
 C - the amulet of the Salamander (around neck) {Spirit Rampage rPois rC++ Regen+}
   (You found it in a treasure trove)

   [amulet of guardian spirit]

   It causes incoming damage to be divided between your reserves of health and
   magic.
   rC:        It greatly protects you from cold.
   rPois:     It protects you from poison.
   Regen:     It increases your rate of health regeneration.
   Rampage:   It bestows one free step when moving towards enemies.
 D - the ring "Anium" {rElec MP+9 Str+3}
   (You found it in an ice cave)

   [ring of magical power]

   Str:       It affects your strength (+3).
   rElec:     It insulates you from electricity.
   MP:        It affects your magic capacity (+9).
 K - the ring of Fybrep {rF+ rC+ Str+4 Int-5 Dex+6}
   (You took it off a merfolk aquamancer on level 4 of the Shoals)

   [ring of dexterity]

   Str:       It affects your strength (+4).
   Int:       It affects your intelligence (-5).
   Dex:       It affects your dexterity (+6).
   rF:        It protects you from fire.
   rC:        It protects you from cold.
 N - the ring of Dawkovim (left hand) {Will+ rCorr Dex+2}
   (You took it off a deep elf death mage on level 3 of the Elven Halls)

   [ring of resist corrosion]

   Dex:       It affects your dexterity (+2).
   rCorr:     It protects you from acid and corrosion.
   Will:      It increases your willpower.
Wands
 Q - a wand of acid (23)
 T - a wand of iceblast (31)
Scrolls
 l - 4 scrolls of blinking
 m - a scroll of enchant armour
 v - 2 scrolls of holy word
 z - 14 scrolls of teleportation
 B - 3 scrolls of summoning
 F - 3 scrolls of fear
 G - 10 scrolls of fog
 P - a scroll of brand weapon
 R - 2 scrolls of magic mapping
 U - a scroll of enchant weapon
 Y - 4 scrolls of silence
Potions
 j - 9 potions of heal wounds
 n - 7 potions of brilliance
 p - 5 potions of invisibility
 t - 11 potions of haste
 x - 3 potions of resistance
 H - 11 potions of curing
 I - 2 potions of cancellation
 J - 4 potions of might
 L - 2 potions of berserk rage
 S - 7 potions of ambrosia
Miscellaneous
 q - a phial of floods
 r - a phial of floods
 y - a phantom mirror
 A - a box of beasts


   Skills:
 - Level 16.3(21.9) Fighting
 * Level 12.6(15.7) Maces & Flails
 * Level 7.3(11.8) Armour
 * Level 10.4(13.6) Dodging
 - Level 3.3(6.3) Stealth
 - Level 20.1(23.6) Shields
 - Level 16.4(22.0) Spellcasting


You had 6 spell levels left.
You knew the following spells:

 Your Spells              Type           Power      Damage    Failure   Level
a - Shock                 Conj/Air       100%       1d9       0%          1
b - Ensorcelled Hibernat  Hex/Ice        100%       N/A       0%          2
c - Static Discharge      Conj/Air       83%        N/A       0%          2
d - Animate Dead          Necr           41%        N/A       0%          4
f - Animate Skeleton      Necr           100%       N/A       0%          1
g - Gell's Gravitas       Tloc           41%        N/A       0%          3
h - Summon Hydra          Summ           41%        N/A       1%          7
l - Lightning Bolt        Conj/Air       41%        1d60      0%          5
m - Malign Gateway        Summ/Tloc      41%        N/A       1%          7
p - Pain                  Necr           100%       1d9       0%          1
v - Vampiric Draining     Necr           41%        2d11      0%          3
y - Yara's Violent Unrav  Hex/Tmut       41%        3d16      0%          5
z - Death Channel         Necr           41%        N/A       1%          6
A - Agony                 Necr           83%        N/A       0%          5
D - Dragon Form           Tmut           41%        N/A       1%          7
Your spell library was empty.

Dungeon Overview and Level Annotations

Branches:
Dungeon (15/15)            Temple (0/1) D:5            Lair (6/6) D:8
 Shoals (4/4) Lair:4        Snake (4/4) Lair:2        Slime (0/5) Lair:5
    Orc (2/2) D:11            Elf (3/3) Orc:2        Vaults (3/5) D:13
  Crypt (0/3) Vaults:2     Depths (0/5) D:15         Bailey (visited)
  IceCv (visited)

Altars:
Ashenzari
Cheibriados
Dithmenos
Elyvilon
Fedhas
Hepliaklqana
Kikubaaqudgha
Nemelex Xobeh
Okawaru
Qazlal
Sif Muna
Trog
Uskayaw
Vehumet
Xom
Yredelemnul
The Shining One
Beogh
Jiyva

Shops:
D:4 (   D:10 ?   D:12 :   Orc:1 !   Orc:2 ?*=(   Elf:2 *   Elf:3 =
Shoals:4 [=   Snake:2 (:*   Snake:3 *:   Snake:4 [

Annotations:
D:15 Roxanne
Snake:4 Bai Suzhen
Orc:1 2 transporters
Elf:1 6 runed translucent doors - dragons
Elf:2 3 runed translucent doors


Innate Abilities, Weirdness & Mutations

You are immune to sickness and miasma.
You are immune to poison.
Your flesh is very heat resistant. (rF++)
You are vulnerable to cold. (rC-)
You float through the air rather than walking.
You learn spells naturally, not from books.
Your magical power is your life essence.
You have superior vitality. (+4 HP)
Your spells are a little easier to cast, but a little less powerful.


Message History

You hear a shout!
Casting: Death Channel (safe; 1% risk of failure)
Confirm with . or Enter, or press ? or * to list all spells.
The air crackles with electrical energy.
You block the deep troll's attack.
The deep troll claws you but does no damage.
You block the deep troll's attack.
The war gargoyle hits you with a +0 morningstar!
The ironbound convoker misses you.
Unknown command.
Casting: Static Discharge (safe; 0% risk of failure)
Confirm with . or Enter, or press ? or * to list all spells.
The ironbound convoker is struck by an arc of lightning!
The ironbound convoker is severely wounded.
The lightning grounds out.
The deep troll is struck by an arc of lightning!
You kill the deep troll!
You are struck by an arc of lightning.
A glowing mist starts to gather...
You block the war gargoyle's attack.
You block the ironbound convoker's attack.
Unknown command.
You swap places.
The war gargoyle hits your spectral deep troll with a +0 morningstar!!
The ironbound convoker hits your spectral deep troll with a +0 flail!!
The war gargoyle launches metal splinters at you.
The spray of metal splinters hits your spectral deep troll!!!
Your spectral deep troll is destroyed!
The spray of metal splinters misses you.
Things that are here:
a +0 arbalest; 21 bolts You reach down and open the door.
You block the war gargoyle's attack.
There is an open door here.
The war gargoyle launches metal splinters at you.
The spray of metal splinters hits you!!!
* * * LOW HITPOINT WARNING * * *
You reach down and open the door.
The war gargoyle launches metal splinters at you.
The spray of metal splinters hits you!!!
You die...

* ,,
,*#..##...##..# *
, , ####.....####
,, ,
#..........)# *,
,, ,
#.....#.....# **
****#...........#
####.....####
#..##...##,
#...#...#,,,
#..@'...+ , * ***
* ##'###### * * *
##9#### ,,, ,
.#T## ,,{c#pT.#
,, , * , .#p{.#
,* ,,, ,#.### ,
,* ,, #.# * * * ,
,{'..,*


You could see a deep troll, a war gargoyle (catching breath) and 2 ironbound
convokers.

Vanquished Creatures
  Vashnia (Snake:3)
  Jorgrun (D:15)
  Asterion (Vaults:1)
  A deep elf blademaster (Elf:3)
  A deep elf master archer (Elf:3)
  Polyphemus (Shoals:4)
  An ancient champion (Elf:2)
  2 nagarajas (Snake:4)
  A fire giant (Vaults:1)
  A frost giant (IceCv)
  3 deep elf sorcerers (Elf:3)
  4 vault wardens
  2 deep elf elementalists (Elf:3)
  2 orc warlords
  A ghoul (Elf:2)
  3 ironbound preservers
  2 very ugly things (Vaults:1)
  5 deep elf demonologists
  2 deep elf annihilators
  An ettin (Orc:1)
  A merfolk javelineer (Shoals:4)
  3 deep elf death magi
  3 deep elf high priests
  5 merfolk impalers
  Fannar (Lair:1)
  2 great orbs of eyes
  An ironbound thunderhulk (Vaults:2)
  4 yaktaur captains
  2 vault guards
  5 hydras
  2 boulder beetles
  10 naga warriors
  A merfolk avatar (Shoals:2)
  2 catoblepae
  A death knight (D:13)
  9 anacondas
  Erolcha (Orc:2)
  An ironbound frostheart (Vaults:1)
  An anaconda (shapeshifter) (D:13)
  4 centaur warriors
  3 satyrs
  3 two-headed ogres
  A dancing weapon (Elf:2)
  An alligator snapping turtle (Shoals:4)
  An ironbound beastmaster (Vaults:3)
  A vampire mage (Elf:2)
  16 death yaks
  4 shock serpents
  9 naga sharpshooters
  16 deep elf knights
  5 orc high priests
  3 shadow wraiths
  2 salamander mystics
  5 spectral anacondas (Snake:1)
  A goliath frog (Lair:6)
  7 deep trolls
  A goliath frog (shapeshifter) (Elf:2)
  An anaconda zombie (Snake:1)
  2 necromancers
  3 naga ritualists (Snake:4)
  16 harpies
  5 sea snakes
  5 anaconda skeletons (Snake:1)
  5 lindwurms
  9 deep elf archers
  Pikel (D:8)
  3 wizards
  23 deep elf zephyrmancers
  21 deep elf pyromancers
  6 salamanders
  8 orc knights
  11 manticores
  10 orc sorcerers
  4 mana vipers
  6 cyclopes
  4 oklob plants (Lair:4)
  A moth of wrath (shapeshifter) (D:14)
  9 ugly things
  13 fauns
  Maurice (D:12)
  13 elephants
  2 guardian serpents
  4 vault sentinels
  7 merfolk sirens
  An ice statue (IceCv)
  12 naga magi
  11 cane toads
  20 black mambas
  A spectral elf (Elf:2)
  A water nymph (shapeshifter) (D:15)
  2 torpor snails
  4 water nymphs
  3 rime drakes
  9 komodo dragons
  14 yaktaurs
  5 anaconda simulacra (Snake:1)
  A queen bee (Lair:1)
  11 merfolk
  4 tengu conjurers
  8 trolls
  Grinder (D:6)
  A meliai (D:14)
  8 slime creatures
  2 hornets
  9 polar bears
  A blink frog (shapeshifter) (D:13)
  2 wind drakes (Shoals:1)
  19 blink frogs
  6 snapping turtles
  12 dream sheep
  2 elf simulacra (Elf:2)
  A shadow (D:5)
  42 yaks
  A spriggan (Lair:5)
  2 tarantellas (shapeshifter)
  2 water elementals
  2 wyverns
  3 basilisks
  6 humans (D:13)
  Grum (D:8)
  2 wraiths
  A steam dragon (D:9)
  A fire elemental (D:13)
  3 wargs
  6 vampire mosquitoes
  30 nagas
  An acid dragon (D:14)
  A floating eye (shapeshifter) (Elf:1)
  22 water moccasins
  57 orc warriors
  2 sky beasts
  2 black bears
  2 ice beasts
  25 wolves
  A necrophage (D:8)
  14 ogres
  7 boggarts
  A lemure (D:8)
  10 centaurs
  8 bullfrogs
  2 kobold brigands (D:7)
  3 gnoll sergeants
  5 scorpions
  A wyvern zombie (D:5)
  A water moccasin skeleton (D:4)
  32 killer bees
  7 wights
  12 howler monkeys
  5 electric eels
  5 centaur zombies
  12 hounds
  2 jellies (D:8)
  3 gnoll shamans (D:7)
  31 orc priests
  A bullfrog skeleton (D:7)
  A scorpion zombie (D:5)
  4 iguanas
  25 orc wizards
  3 yak simulacra (D:10)
  6 hell rats (Lair:6)
  3 polar bear simulacra (D:10)
  2 wolf simulacra (D:10)
  2 killer bee zombies (D:7)
  A centaur simulacrum (D:4)
  6 howler monkey zombies
  5 adders
  7 gnolls
  2 hound simulacra (D:4)
  11 white imps
  A howler monkey simulacrum (D:4)
  An ufetubus (D:5)
  An adder skeleton (D:5)
  2 worms
  A dart slug (D:4)
  80 orcs
  4 bats
  5 endoplasms
  A giant cockroach (D:4)
  7 goblins
  3 hobgoblins
  8 jackals
  5 kobolds
  4 ball pythons
  3 frilled lizards
  5 rats
  2 river rat simulacra (D:10)
  A lost soul (Elf:2)
1127 creatures vanquished.

Vanquished Creatures (collateral kills)
  A deep elf blademaster (Elf:3)
  A deep elf master archer (Elf:3)
  2 eldritch tentacles
  Ilsuiw (Shoals:4)
  2 nagarajas
  A deep elf sorcerer (Elf:3)
  An orc warlord (Vaults:2)
  4 vault wardens
  Aizul (Snake:2)
  7 ironbound preservers
  3 deep elf elementalists (Elf:3)
  A very ugly thing (Vaults:1)
  3 deep elf demonologists (Elf:3)
  The ghost of Rrauwl the Bludgeoner, a journeyman TrHu of Okawaru (Lair:5)
  2 deep elf annihilators (Elf:3)
  A dire elephant (Vaults:1)
  10 deep elf death magi
  3 merfolk javelineers
  An ettin (Vaults:1)
  11 merfolk impalers
  A jiangshi (Elf:2)
  3 yaktaur captains
  A great orb of eyes (D:13)
  2 salamander tyrants (Snake:4)
  The ghost of Qoesoec the Basher, a journeyman GrFi of Okawaru (Lair:2)
  3 vault guards
  2 hydras
  9 naga warriors
  4 anacondas
  2 death knights (Vaults:2)
  4 centaur warriors (Vaults:1)
  An alligator snapping turtle (Shoals:4)
  3 merfolk avatars
  An ironbound frostheart (Vaults:2)
  3 merfolk aquamancers (Shoals:4)
  13 dancing weapons
  A spectral elf (Elf:2)
  A catoblepas (D:14)
  A satyr (Shoals:4)
  A vampire mage (Elf:2)
  An ironbound beastmaster (Vaults:1)
  5 naga sharpshooters (Snake:3)
  7 death yaks
  3 shock serpents
  A titan skeleton (Vaults:1)
  A deep elf knight (Elf:1)
  2 flayed ghosts (Elf:2)
  6 naga ritualists
  24 deep trolls
  4 sea snakes
  A deep elf archer (Elf:3)
  4 orc knights (Vaults:2)
  3 wizards
  2 phantasmal warriors (Vaults:1)
  3 ironbound convokers
  18 harpies
  11 deep elf zephyrmancers
  A tengu zombie (Vaults:1)
  9 deep elf pyromancers
  A necromancer (Vaults:1)
  14 ugly things
  A mana viper (Snake:1)
  2 orc sorcerers (Orc:2)
  3 cyclopes
  A moth of wrath (Lair:5)
  4 manticores
  7 fauns
  A salamander (Snake:3)
  15 elephants
  A human skeleton (Vaults:1)
  3 black mambas
  4 merfolk sirens
  The ghost of lasso the Covered, a novice HOFi of Beogh (D:4)
  4 naga magi
  A gargoyle (D:12)
  6 cane toads (Lair:6)
  A water nymph (Shoals:4)
  3 vault sentinels
  Psyche (D:12)
  9 yaktaurs (Vaults:1)
  3 komodo dragons (Lair:5)
  5 wind drakes
  A troll (Orc:2)
  23 merfolk
  A polar bear (Lair:5)
  2 tyrant leeches (Lair:6)
  10 blink frogs
  A stone giant simulacrum (Vaults:1)
  8 dream sheep
  2 slime creatures
  6 snapping turtles
  5 air elementals
  A spriggan (shapeshifter) (Elf:1)
  6 yaks
  A flying skull (Elf:2)
  7 water elementals
  A wyvern (D:7)
  2 fire elementals (Elf:3)
  6 vampire mosquitoes
  9 nagas
  A warg (Elf:1)
  4 water moccasins (Lair:6)
  7 orc warriors (Vaults:2)
  An ettin simulacrum (Vaults:1)
  2 boggarts
  4 centaurs
  5 wolves
  An elf simulacrum (Elf:2)
  7 bullfrogs
  3 earth elementals
  2 killer bees (Lair:1)
  An electric eel (Lair:6)
  A lava snake (D:13)
  5 orc priests
  5 orc wizards
  A hell rat (Lair:6)
  A wolf simulacrum (D:10)
  2 nameless horrors
  A scorpion simulacrum (D:4)
  A gnoll (D:7)
  2 white imps (Lair:2)
  16 orcs
  A plant (Shoals:4)
477 creatures vanquished.

Vanquished Creatures (others)
  25 eldritch tentacles
  3 vault guards (D:13)
  A merfolk aquamancer (Shoals:4)
  A death yak (IceCv)
  A deep elf knight (Elf:2)
  A deep elf pyromancer (Elf:1)
  A deep elf zephyrmancer (Elf:2)
  2 yaks (IceCv)
  2 humans (D:13)
  An orc warrior (Elf:1)
  4 wolves (IceCv)
  An orc priest (Elf:1)
  4 bushes (Lair:6)
  83 fungi
  2 lost souls (Elf:2)
  233 plants
  2 withered plants (Lair:2)
367 creatures vanquished.

Grand Total: 1971 creatures vanquished

Notes
Turn   | Place    | Note
-------+----------+-------------------------------------------
     0 | D:1      | Banquo the Djinni Necromancer began the quest for the Orb.
     0 | D:1      | Reached XP level 1. HP: 15/15 MP: 0/0
   157 | D:1      | Found a faded altar of an unknown god.
   678 | D:1      | Reached XP level 2. HP: 19/21 MP: 0/0
  1620 | D:2      | Reached XP level 3. HP: 11/26 MP: 0/0
  1620 | D:2      | Learned a level 1 spell: Shock
  1824 | D:2      | Reached skill level 1 in Fighting
  2419 | D:3      | Found a basalt altar of Yredelemnul.
  2453 | D:3      | Found a stormy altar of Qazlal.
  2454 | D:3      | Found an iron altar of Okawaru.
  2455 | D:3      | Found a hazy altar of Hepliaklqana.
  2455 | D:3      | Found a shadowy altar of Dithmenos.
  2455 | D:3      | Found a broken altar of Ashenzari.
  2455 | D:3      | Found a snail-covered altar of Cheibriados.
  2458 | D:3      | Found a shimmering altar of Xom.
  2463 | D:3      | Became a worshipper of Ashenzari the Shackled
  2476 | D:3      | Found a white marble altar of Elyvilon.
  2492 | D:3      | Reached skill level 1 in Armour
  2728 | D:3      | Reached XP level 4. HP: 31/32 MP: 0/0
  2955 | D:3      | Found a hide-covered altar of Uskayaw.
  3760 | D:4      | Found a runed translucent gate.
  3847 | D:4      | Reached XP level 5. HP: 26/37 MP: 0/0
  3847 | D:4      | Learned a level 2 spell: Ensorcelled Hibernation
  3963 | D:4      | Noticed an ice beast
  4003 | D:4      | Found a runed translucent gate.
  4003 | D:4      | Found a runed translucent gate.
  4038 | D:4      | Noticed lasso's ghost (novice HOFi)
  4202 | D:4      | Found Zol Ocw's Weapon Shop.
  4636 | D:4      | Killed an ice beast
  4637 | D:4      | Reached XP level 6. HP: 26/43 MP: 0/0
  4874 | D:5      | Entered Level 5 of the Dungeon
  4897 | D:5      | Noticed a shadow
  4960 | D:5      | Found a staircase to the Ecumenical Temple.
  5236 | D:5      | Killed a shadow
  5237 | D:5      | Reached skill level 5 in Spellcasting
  5237 | D:5      | Reached XP level 7. HP: 42/49 MP: 0/0
  5237 | D:5      | Learned a level 2 spell: Static Discharge
  5639 | D:5      | Identified a scroll of acquirement
  5700 | D:5      | Reached * piety under Ashenzari
  5883 | D:5      | Noticed a water moccasin
  5889 | D:5      | Killed a water moccasin
  5890 | D:5      | Reached XP level 8. HP: 54/58 MP: 0/0
  6215 | D:5      | Identified Sif Muna's Reference Book on the Mountains
  6216 | D:5      | Identified Sif Muna's Almanac of Lightness
  6217 | D:5      | Identified Sif Muna's Catalogue of the Traveller
  7091 | D:6      | Reached skill level 1 in Shields
  7357 | D:6      | Reached XP level 9. HP: 62/65 MP: 0/0
  7357 | D:6      | Learned a level 3 spell: Gell's Gravitas
  7512 | D:6      | Noticed Grinder
  7530 | D:6      | Killed Grinder
  7531 | D:6      | Reached skill level 2 in Shields
  7686 | D:6      | Reached ** piety under Ashenzari
  8833 | D:7      | Reached skill level 5 in Fighting
  9286 | D:7      | Found a blossoming altar of Fedhas.
  9603 | D:7      | Reached XP level 10. HP: 24/76 MP: 0/0
 11114 | D:7      | Reached *** piety under Ashenzari
 11148 | D:7      | Reached skill level 10 in Spellcasting
 11870 | D:7      | Identified the Disquisition on Gliding Clay
 12029 | D:7      | Reached XP level 11. HP: 79/86 MP: 0/0
 12029 | D:7      | Learned a level 5 spell: Yara's Violent Unravelling
 12204 | D:7      | Found a sparkling altar of Nemelex Xobeh.
 12832 | D:7      | Found a sparkling altar of Nemelex Xobeh.
 13248 | D:7      | Found a blossoming altar of Fedhas.
 13442 | D:8      | Noticed Pikel
 13792 | D:8      | Found a staircase to the Lair.
 14169 | D:8      | Killed Pikel
 14299 | D:8      | Noticed Grum
 14316 | D:8      | Killed Grum
 15657 | D:9      | Reached skill level 3 in Shields
 16414 | Lair:1   | Entered Level 1 of the Lair of Beasts
 17492 | Lair:1   | Reached XP level 12. HP: 63/96 MP: 0/0
 17633 | Lair:1   | Noticed Fannar
 17786 | Lair:1   | Reached skill level 4 in Shields
 18205 | Lair:1   | Killed Fannar
 18811 | Lair:2   | Found a frozen archway.
 18811 | Lair:2   | Noticed a six-headed hydra
 18921 | Lair:2   | Killed a one-headed hydra
 19284 | IceCv    | Entered an ice cave
 20652 | IceCv    | Reached skill level 5 in Shields
 20766 | IceCv    | Identified the ring "Anium" {rElec MP+9 Str+3}
 21654 | IceCv    | Noticed a death yak
 21675 | IceCv    | Identified the ring "Anil" {rF+ rN+}
 21686 | IceCv    | Noticed a death yak
 21699 | IceCv    | Noticed a death yak
 21701 | IceCv    | Killed a death yak
 21710 | IceCv    | Killed a death yak
 21863 | IceCv    | Reached XP level 13. HP: 94/103 MP: 0/0
 21863 | IceCv    | Learned a level 5 spell: Lightning Bolt
 21894 | IceCv    | Noticed a frost giant
 21896 | IceCv    | Killed a frost giant
 21988 | IceCv    | Reached skill level 6 in Shields
 22974 | Lair:2   | Reached skill level 1 in Maces & Flails
 23011 | Lair:2   | Found a staircase to the Snake Pit.
 23427 | Lair:2   | Found a runed translucent door.
 23427 | Lair:2   | Noticed Qoesoec's ghost (journeyman GrFi)
 23802 | Lair:3   | Noticed a five-headed hydra
 23807 | Lair:3   | Killed a five-headed hydra
 25497 | Lair:4   | Identified the +2 leather armour of the Echidna {Dex+5
                  | Slay+3}
 25502 | Lair:4   | Reached XP level 14. HP: 48/112 MP: 0/0
 25506 | Lair:4   | Reached skill level 7 in Shields
 26201 | Lair:4   | Reached skill level 10 in Fighting
 26879 | Lair:4   | Found a staircase to the Shoals.
 27291 | Lair:4   | Reached skill level 5 in Maces & Flails
 27799 | Lair:4   | Reached skill level 15 in Spellcasting
 28966 | Lair:5   | Reached XP level 15. HP: 104/117 MP: 0/0
 28966 | Lair:5   | Learned a level 6 spell: Death Channel
 28966 | Lair:5   | wtf?
 28974 | Lair:5   | Reached skill level 8 in Shields
 29003 | Lair:5   | Found a staircase to the Slime Pits.
 29004 | Lair:5   | Found a viscous altar of Jiyva.
 29085 | Lair:5   | Found a transporter.
 29090 | Lair:5   | Identified the +0 pair of boots "Yschuff" {rElec rF- rCorr
                  | SInv}
 29090 | Lair:5   | Noticed Rrauwl's ghost (journeyman TrHu)
 29199 | Lair:5   | Found a transporter.
 29903 | Lair:6   | Entered Level 6 of the Lair of Beasts
 30248 | Lair:6   | Reached skill level 5 in Dodging
 31118 | D:10     | Entered Level 10 of the Dungeon
 31236 | D:10     | Found Taxkej's Magic Scroll Boutique.
 32369 | D:11     | Identified the +5 dagger of Execution {flame, Will+}
 32753 | D:11     | Found a staircase to the Orcish Mines.
 33252 | D:12     | Noticed Psyche
 33262 | D:12     | Killed Psyche
 33404 | D:12     | Found Fitsex's Book Shoppe.
 33867 | D:12     | Identified the +4 arbalest "Esaczu Passa" {elec, rF+ Will+
                  | rCorr}
 34146 | D:12     | Found a portal to a secret trove of treasure.
 34226 | D:12     | Noticed Maurice
 34229 | D:12     | Killed Maurice
 34346 | Orc:1    | Entered Level 1 of the Orcish Mines
 34433 | Orc:1    | Found a transporter.
 34451 | Orc:2    | Entered Level 2 of the Orcish Mines
 34474 | Orc:2    | Reached XP level 16. HP: 114/126 MP: 0/0
 34492 | Orc:2    | Found a staircase to the Elven Halls.
 34531 | Orc:2    | Reached skill level 9 in Shields
 34650 | Orc:1    | Found a flagged portal.
 34665 | Bailey   | Entered a bailey
 35491 | D:12     | You paid a toll of 2 scrolls of acquirement to enter a
                  | treasure trove
 35492 | Trove    | Entered a treasure trove
 35502 | Trove    | Identified the +5 morningstar of Gihaut {flame, *Slow rN+
                  | Int+6 Dex+2}
 35526 | Trove    | Identified the amulet of Vismaos {rPois rF+ Will++ Regen+
                  | Str-4}
 35526 | Trove    | Identified the amulet of the Salamander {Spirit Rampage
                  | rPois rC++ Regen+}
 36090 | Orc:1    | Found the +9 heavy crossbow "Sniper" {vorpal, Acc+∞ SInv}
 36092 | Orc:1    | Found a bloodstained altar of Trog.
 36092 | Orc:1    | Identified the +10 plate armour of the Mackerel {Str+8}
 36092 | Orc:1    | Found the necklace of Bloodlust {*Rage +Rage Will++ Int-3
                  | Slay+6}
 36180 | Orc:1    | Found Asche's Distillery.
 36279 | Orc:1    | Found a transporter.
 36319 | Orc:2    | Noticed Erolcha
 36325 | Orc:2    | Killed Erolcha
 36999 | Orc:2    | Found Natixubu's Antique Weapon Boutique.
 36999 | Orc:2    | Found Amoros's Jewellery Boutique.
 37001 | Orc:2    | Found Doamm's General Store.
 37001 | Orc:2    | Found Udits's Magic Scroll Emporium.
 37015 | Orc:2    | Bought a scroll of magic mapping for 52 gold pieces
 37025 | Orc:2    | Reached **** piety under Ashenzari
 37034 | Orc:2    | Bought a +0 pair of gloves for 63 gold pieces
 38498 | D:13     | Found a gate to the Vaults.
 38824 | D:14     | Reached skill level 10 in Shields
 39250 | D:15     | Entered Level 15 of the Dungeon
 39278 | D:15     | Reached skill level 10 in Maces & Flails
 39293 | D:15     | Reached XP level 17. HP: 95/134 MP: 0/0
 39293 | D:15     | Learned a level 7 spell: Dragon Form
 39537 | D:15     | Noticed Jorgrun
 39544 | D:15     | Killed Jorgrun
 39633 | D:15     | Noticed Roxanne
 39915 | D:15     | Found a staircase to the Depths.
 39979 | D:15     | Found a glowing golden altar of the Shining One.
 40341 | Snake:1  | Entered Level 1 of the Snake Pit
 40844 | Snake:1  | Reached skill level 11 in Shields
 40859 | Snake:1  | Reached skill level 5 in Armour
 41381 | Snake:2  | Noticed Aizul
 41427 | Snake:2  | Killed Aizul
 41450 | Snake:2  | Found Imokujoh's General Store.
 41454 | Snake:2  | Found Toinok's Book Emporium.
 41455 | Snake:2  | Found Akhlub's Weapon Shoppe.
 42453 | Snake:3  | Identified the cursed +0 cloak of the Bound Comet {Self,
                  | Fort} (You took it off Maurice on level 12 of the Dungeon)
 42453 | Snake:3  | Identified the cursed +1 helmet of Ashenzari's Dismay
                  | {Fort, Self} (You found it on level 9 of the Dungeon)
 42453 | Snake:3  | Identified the cursed +0 kite shield "Thunder Perfect Mind"
                  | {Self, Cun} (You found it on level 2 of the Dungeon)
 42453 | Snake:3  | Identified the cursed +0 troll leather armour of
                  | Ashenzari's Sun {Regen+, Cun, Self} (You found it on level
                  | 10 of the Dungeon)
 42567 | Snake:3  | Reached skill level 12 in Shields
 42579 | Snake:3  | Noticed Vashnia
 42721 | Snake:3  | Reached XP level 18. HP: 123/148 MP: 0/0
 42730 | Snake:3  | Killed Vashnia
 42762 | Snake:3  | Found Jinid's Book Shoppe.
 42762 | Snake:3  | Found Mienweych's Assorted Antiques.
 43394 | Snake:4  | Entered Level 4 of the Snake Pit
 43721 | Snake:4  | Reached skill level 13 in Shields
 43949 | Snake:4  | Found Roederua's Antique Armour Boutique.
 44187 | Snake:4  | Reached skill level 14 in Shields
 44203 | Snake:4  | Got a serpentine rune of Zot
 44257 | Snake:4  | Noticed Bai Suzhen
 44486 | Shoals:1 | Entered Level 1 of the Shoals
 44695 | Shoals:1 | Reached XP level 19. HP: 117/150 MP: 0/0
 44695 | Shoals:1 | Learned a level 7 spell: Summon Hydra
 44700 | Shoals:1 | Identified the ring "Miegip" {Ice *Slow Dex-3 SInv Stlth+}
 46171 | Shoals:2 | Reached skill level 15 in Shields
 46461 | Shoals:3 | HP: 8/216 [merfolk impaler (15)]
 48062 | D:4      | Killed lasso's ghost
 48475 | Lair:2   | Killed Qoesoec's ghost
 48646 | Lair:5   | Killed Rrauwl's ghost
 49217 | Shoals:4 | Entered Level 4 of the Shoals
 49217 | Shoals:4 | Noticed Polyphemus
 49270 | Shoals:4 | Reached skill level 16 in Shields
 49301 | Shoals:4 | Found Gairosin's Jewellery Emporium.
 49514 | Shoals:4 | Killed Polyphemus
 49517 | Shoals:4 | Noticed Ilsuiw
 49628 | Shoals:4 | Identified the ring of Fybrep {rF+ rC+ Str+4 Int-5 Dex+6}
 49703 | Shoals:4 | Killed Ilsuiw
 49937 | Shoals:4 | Got a barnacled rune of Zot
 50059 | Shoals:4 | Reached XP level 20. HP: 148/158 MP: 0/0
 50099 | Shoals:4 | Found Oczaenar's Armour Shoppe.
 50503 | Shoals:4 | Identified the +1 ring mail of Carved Miracles {rPois Str-3
                  | Slay+4 Stlth+}
 50991 | Shoals:4 | Reached skill level 17 in Shields
 51489 | Shoals:4 | Found Gairosin's Jewellery Emporium.
 51570 | Shoals:4 | Found Oczaenar's Armour Shoppe.
 52220 | Elf:1    | Entered Level 1 of the Elven Halls
 52385 | Elf:1    | Noticed a Tzitzimitl
 52539 | Elf:1    | Identified the +7 demon whip of Slow Death {pain, Str+4
                  | Stlth+}
 52542 | Elf:1    | Noticed a Tzitzimitl
 52548 | Elf:1    | Found a runed translucent gate.
 52548 | Elf:1    | Found a runed translucent gate.
 52548 | Elf:1    | Found a runed translucent gate.
 52548 | Elf:1    | Found a runed translucent gate.
 52548 | Elf:1    | Found a runed translucent gate.
 52551 | Elf:1    | Found a runed translucent gate.
 53454 | Elf:2    | Paralysed by an air elemental for 1 turns
 53520 | Elf:2    | Paralysed by an air elemental for 1 turns
 53524 | Elf:2    | Reached skill level 18 in Shields
 53571 | Elf:2    | Reached skill level 15 in Fighting
 53686 | Elf:2    | Found Semuhiha's General Store.
 53694 | Elf:2    | Bought a scroll of blinking for 157 gold pieces
 53840 | Elf:2    | Gained mutation: Your spells are a little easier to cast,
                  | but a little less powerful. [you]
 54094 | Elf:2    | Found a runed translucent gate.
 54094 | Elf:2    | Found a runed translucent gate.
 54094 | Elf:2    | Found a runed translucent gate.
 54133 | Elf:3    | Entered Level 3 of the Elven Halls
 54467 | Elf:3    | Found Aluyjam's Jewellery Shoppe.
 54574 | Elf:3    | Reached XP level 21. HP: 135/166 MP: 0/0
 54574 | Elf:3    | Learned a level 7 spell: Malign Gateway
 55233 | Elf:3    | Reached skill level 19 in Shields
 55247 | Elf:3    | Noticed a Brimstone Fiend
 55735 | Elf:3    | Identified the +12 flail of Absolution {vorpal, rC+}
 55735 | Elf:3    | Identified the ring of Dawkovim {Will+ rCorr Dex+2}
 55881 | Elf:3    | Identified the +6 war axe of Doememnip {flame, rPois rN++
                  | Will- Dex+2}
 56659 | Elf:3    | Identified the +9 dagger "Wounusip" {chaos, rElec}
 56866 | Elf:3    | Found the +0 staff of Battle
 56866 | Elf:3    | Identified the +4 scimitar of the Nine Spines {flame, rC+
                  | Int-4 SInv}
 57116 | Elf:3    | Found Aluyjam's Jewellery Shoppe.
 57984 | Vaults:1 | Entered Level 1 of the Vaults
 58179 | Vaults:1 | Reached skill level 20 in Shields
 58831 | Vaults:1 | Noticed Asterion
 58847 | Vaults:1 | Killed Asterion
 59048 | Vaults:1 | Reached XP level 22. HP: 175/175 MP: 0/0
 60777 | Vaults:2 | Found a staircase to the Crypt.
 61898 | Vaults:3 | Reached skill level 10 in Dodging
 62029 | Vaults:3 | Killed from afar by a war gargoyle

Illustrated notes

...P......##....# * *
........#####..#### * * . ,,
, ........####P..##.# ,## ..
..##....#.P.....#.# *.†#...
.####.............## #......
.#.#P.........P#...##.......
###.PP.....................†,
# #......###.........##.##..
, ##..P...##....@......# * ,
, #.....#####..###.....#
##....##...### .....## ,*,
####.....## #....## * ,
#......# *#.#### , ###.####
.#, * ### ** *


Turn 28966 on Lair:5: wtf?

Levels and vault maps discovered:
D:1:      dpeg_arrival_houses_and_road, layout_loops_ring,
          basic_ecumenical_altar
D:2:      layout_rooms, basic_altar
D:3:      layout_basic, nicolae_uskayaw_suspiria, elyvilon_altar_5,
          grunt_temple_overflow_open
D:4:      layout_basic, serial_shops, nicolae_shop_trees, gammafunk_ghost_icy,
          kennysheep_potato
D:5:      layout_gridville, nicolae_sif_muna_little_library, temple_green
D:6:      layout_loops_cross, marbit_many_paths, serial_rivers,
          chequers_serial_rivers_marsh, chequers_serial_rivers_micro_c,
          chequers_serial_rivers_room_b, chequers_serial_rivers_micro_c,
          chequers_serial_rivers_small_b, chequers_serial_rivers_micro_d,
          minmay_manual_mullet, uniq_grinder
D:7:      lemuel_castle_with_subvaults [lemuel_castle_interior_carwin_2],
          layout_layer_cave, fedhas_altar_4, nemelex_dance_club_becter
D:8:      layout_loops_ring, lair_entry_dummy, uniq_grum, uniq_pikel
D:9:      layout_rooms
D:10:     layout_stronghold, serial_shops, nicolae_diamond_shop,
          eino_house_with_fridge
D:11:     layout_basic
D:12:     layout_roguey [special_room_orc], nicolae_trove_entry_columns,
          serial_shops, nicolae_shop_competitors_out_of_business, uniq_maurice,
          uniq_psyche
D:13:     layout_loops_cross, ximxim_vaults_locker_room, kennysheep_island_fort
D:14:     minmay_open_boxes_in_corner, layout_rooms, dk_noncrumbling_4
D:15:     hangedman_depths_entry_try_elsewhere_first, layout_loops_ring,
          tso_altar, uniq_jorgrun, uniq_roxanne
Lair:1:   layout_cave_pods, special_room [special_room_bee],
          infiniplex_staircase_pool, grunt_megastairs_1, uniq_fannar
Lair:2:   layout_long_grid, minmay_snake_entry_guardpost_small,
          portal_ice_cave_entry_imps, gammafunk_ghost_grave, grunt_megastairs_4
Lair:3:   layout_big_grid, lemuel_fruit_tree, infiniplex_staircase_pool_2
Lair:4:   layout_cave_pods, elwin_shoals_entry_rooms, minmay_lair_oklob_chamber
Lair:5:   layout_layer_cave, slime_altar_1, gammafunk_ghost_berserking_beasts,
          grunt_forest_large_clearing_hut
Lair:6:   minmay_lair_end_frog_pond, layout_small_grid, wad_woods_06,
          serial_bayou_shore_a
Shoals:1: layout_shoals
Shoals:2: layout_shoals, nicolae_shoals_lost_giant_pillars
Shoals:3: layout_shoals, nicolae_shoals_hunting_party
Shoals:4: shoals_end_hangedman, layout_shoals, shoals_ilsuiw_ice, serial_shops,
          shop, shop, uniq_polyphemus
Snake:1:  layout_grid_shapes, nicolae_snake_dead_anacondas
Snake:2:  layout_grid_maze, minmay_shop_star, uniq_aizul
Snake:3:  layout_cave_shapes, grunt_ministairs_3, nrook_loot_triangle,
          minmay_shoptagon, uniq_vashnia
Snake:4:  snake_pit, layout_chambers, serial_shops, shop, uniq_bai_suzhen
Orc:1:    emtedronai_trogs_sanctum, layout_caves, enter_bailey_2, serial_shops,
          nicolae_square_shop
Orc:2:    st_orc_elflike, layout_diamond_mine, basic_altar, elf_legates,
          uniq_erolcha
Elf:1:    eino_elf_arrival_the_gate, layout_geoelf_grid, basic_altar,
          orc_legates
Elf:2:    elven_hall_of_blades_hangedman_original [mumra_blade_entry_dagger],
          layout_rooms, serial_shops,
          nicolae_shop_temple_entry_statues_fountains, grunt_ministairs_7,
          serial_sigils_hangedman_gut, nicolae_elf_deep_mausoleum
Elf:3:    elf_hall, layout_geoelf_diagonals, serial_shops, shop
Vaults:1: v_misc_19, ontoclasm_vaults_shout, serial_ice_g,
          nicolae_vaults_inception_statues, nicolae_vaults_little_ls,
          v_alt_pattern_3, v_pattern_3, hangedman_vaults_trim,
          ontoclasm_vaults_eye, layout_vaults_omnibox, uniq_asterion
Vaults:2: nicolae_vaults_big_angled_halls, blue_anna_dwarven_crypt,
          vaults_standard_mumra_lines, v_misc_32, vaults_mumra_hexcomb,
          vaults_dpeg_encased_lava, hangedman_vaults_cutoff, special_room_vaults
          [special_room_orc], vaults_room_semicircle, layout_vaults_omnigrid
Vaults:3: hangedman_vaults_snaps, st_diamondy, v_misc_27, vaults_room_pool,
          grunt_vaults_trifunnel, dpeg_vaults_monster_row, v_misc_26,
          nicolae_vaults_network_square, layout_vaults_omnicross

Skill      XL: |  1  2  3  4  5  6  7  8  9 10 11 12 13 14 15 16 17 18 19 20 21 22 |
---------------+-------------------------------------------------------------------+-----
Fighting       | 1 2 3 4 5 6 7 8 9 10 11 12 13 14 15 16 | 16.3
Armour         | 1 2 3 5 6 7 |  7.3
Spellcasting   | 4 5 6 7 9 10 12 13 14 15 16 | 16.4
Shields        | 1 2 3 5 6 7 8 10 12 14 16 18 20 | 20.1
Stealth        | 3 |  3.3
Maces & Flails | 3 5 7 10 11 12 | 12.6
Dodging        | 3 5 6 7 10 | 10.4

Action                   |  1- 3 |  4- 6 |  7- 9 | 10-12 | 13-15 | 16-18 | 19-21 | 22-24 || total
-------------------------+-------+-------+-------+-------+-------+-------+-------+-------++-------
Melee: Whip              |       |     1 |       |     9 |       |       |       |       ||    10
       Dagger            |       |       |     1 |    15 |       |       |       |       ||    16
       Hand axe          |       |       |       |    11 |       |       |       |       ||    11
       Staff             |       |       |       |     1 |     6 |    14 |    19 |       ||    40
       Eveningstar       |       |       |       |       |    43 |    19 |    16 |       ||    78
       Unarmed           |       |       |       |       |       |     4 |     3 |       ||     7
       Flail             |       |       |       |       |       |       |     3 |    13 ||    16
       Morningstar       |       |       |       |       |       |       |     3 |       ||     3
Throw: Stone             |     2 |       |       |       |       |       |       |       ||     2
 Cast: Pain              |    36 |     3 |    26 |     1 |    29 |     1 |       |       ||    96
       Shock             |    42 |    94 |   240 |   686 |    32 |    49 |     1 |       ||  1144
       Vampiric Draining |       |       |     1 |   100 |    57 |   206 |   275 |   161 ||   800
       Animate Dead      |       |       |       |    31 |    54 |    71 |    66 |    20 ||   242
       Static Discharge  |       |       |       |    28 |    23 |     6 |     6 |     6 ||    69
       Ensorcelled Hiber |       |       |       |     6 |       |     3 |       |       ||     9
       Gell's Gravitas   |       |       |       |    44 |       |       |     5 |       ||    49
       Yara's Violent Un |       |       |       |     1 |     1 |       |     3 |       ||     5
       Lightning Bolt    |       |       |       |       |   319 |   394 |   286 |    22 ||  1021
       Death Channel     |       |       |       |       |    59 |   135 |   150 |    40 ||   384
       Dragon Form       |       |       |       |       |       |     2 |     2 |       ||     4
       Agony             |       |       |       |       |       |     1 |     1 |       ||     2
       Animate Skeleton  |       |       |       |       |       |     1 |     2 |       ||     3
       Summon Hydra      |       |       |       |       |       |       |   268 |    40 ||   308
       Malign Gateway    |       |       |       |       |       |       |    21 |     6 ||    27
Invok: Curse Item        |       |     1 |     2 |     2 |     2 |     3 |       |     1 ||    11
       Shatter the Chain |       |       |       |       |     2 |     3 |       |       ||     5
 Abil: Breathe Fire      |       |       |       |       |       |     2 |     1 |       ||     3
       End Transformatio |       |       |       |       |       |       |     1 |       ||     1
  Use: Scroll            |       |       |       |     1 |       |       |     5 |       ||     6
       Potion            |       |       |       |       |       |       |     1 |       ||     1
 Stab: Sleeping          |       |       |     1 |     2 |       |       |       |     1 ||     4
       Distracted        |       |       |       |     1 |       |       |     1 |       ||     2
Armor: Leather armour    |     6 |    11 |    24 |    96 |    37 |    13 |       |       ||   187
       Troll leather arm |       |       |       |       |       |    61 |    84 |    23 ||   168
       Skin              |       |       |       |       |       |    13 |    22 |       ||    35
Dodge: Dodged            |     7 |    21 |    36 |   137 |    83 |   174 |   209 |    63 ||   730
Block: Buckler           |       |       |       |    75 |    28 |       |       |       ||   103
       Kite shield       |       |       |       |       |    33 |   164 |       |       ||   197
       Tower shield      |       |       |       |       |       |    45 |   453 |   181 ||   679
       Reflection        |       |       |       |       |       |     5 |    63 |     9 ||    77
